Map: Jagannatha LE

Players

Nina - Winner!

  • Race: Protoss Protoss
  • League: Grandmaster

DisK

  • Race: Protoss Protoss

Event: DreamHack SC2 Masters 2021 Summer

VOD

Have the link to the VOD?

Description

Time

  • Played on: May 26, 2021, 5:38 p.m.
  • Length: 22:52

All games in this series

Show
View Real Time Build Order
Export as new Build Order

Nina Protoss - Winner!

Build Orders:  

Get SALT Encoding   

  12  0:00  Probe  
  13  0:12  Probe  
  14  0:18  Pylon  
  14  0:24  Probe (Chrono Boost)  
  15  0:36  Probe (Chrono Boost)  
  15  0:38  Gateway  
  16  0:45  Probe (Chrono Boost)  
  17  0:51  Probe  
  17  0:54  Assimilator  
  18  0:59  Assimilator  
  18  1:03  Probe (Chrono Boost)  
  19  1:14  Probe (Chrono Boost)  
  20  1:19  Probe (Chrono Boost)  
  20  1:20  Gateway  
  21  1:28  Cybernetics Core  
  21  1:29  Probe  
  22  1:35  Pylon  
  22  1:41  Probe  
  23  1:53  Probe  
  24  2:05  Probe  
  24  2:07  Stalker x2  
  29  2:09  Pylon  
  29  2:17  Warp Gate (Chrono Boost)  
  29  2:18  Probe  
  30  2:30  Probe  
  30  2:33  Shield Battery  
  31  2:37  Stalker  
  31  2:38  Stalker  
  31  2:42  Probe  
  36  2:48  Pylon  
  36  2:54  Probe  
  37  3:06  Probe  
  37  3:07  Stalker  
  37  3:08  Stalker  
  42  3:25  Nexus  
  42  3:30  Pylon  
  42  3:33  Probe  
  43  3:46  Robotics Facility  
  43  3:48  Probe  
  44  4:00  Probe  
  45  4:03  Stalker x2  
  49  4:13  Probe  
  50  4:25  Probe, Twilight Council  
  50  4:29  Adept x2  
  55  4:34  Observer  
  55  4:37  Probe x2 (Chrono Boost)  
  54  4:48  Probe x2 (Chrono Boost)  
  56  4:53  Probe (Chrono Boost)  
  56  4:58  Forge  
  56  5:00  Probe  
  56  5:02  Sentry x2  
  56  5:04  Probe  
  56  5:06  Assimilator x2  
  61  5:10  Pylon  
  61  5:12  Probe  
  62  5:16  Blink (Chrono Boost)  
  62  5:17  Probe  
  63  5:23  Pylon  
  63  5:24  Probe  
  64  5:29  Probe  
  64  5:32  Gateway  
  64  5:33  Protoss Ground Weapons Level 1  
  65  5:36  Probe  
  65  5:41  Probe  
  65  5:42  Immortal (Chrono Boost)  
  65  5:48  Probe, Stalker  
  72  5:53  Shield Battery  
  72  5:54  Stalker  
  74  6:04  Gateway  
  74  6:11  Robotics Bay  
  74  6:17  Stalker  
  74  6:19  Observer  
  74  6:22  Stalker  
  76  6:31  Nexus  
  76  6:32  Stalker  
  78  6:33  Pylon  
  78  6:38  Observer (Chrono Boost)  
  79  6:47  Pylon  
  79  6:51  Pylon x2  
  79  6:55  Stalker x2  
  79  6:59  Stalker  
  85  7:02  Disruptor (Chrono Boost), Shield Battery  
  85  7:05  Stalker  
  85  7:06  Probe x2  
  92  7:14  Observer  
  92  7:18  Probe x2, Photon Cannon  
  92  7:21  Photon Cannon  
  94  7:28  Stalker  
  94  7:29  Stalker  
  98  7:30  Probe  
  98  7:31  Probe  
  98  7:33  Disruptor (Chrono Boost)  
  98  7:36  Protoss Ground Weapons Level 2 (Chrono Boost)  
  103  7:42  Probe  
  103  7:44  Probe x2  
  106  7:54  Probe  
  107  7:59  Robotics Facility  
  107  8:04  Pylon  
  113  8:05  Colossus (Chrono Boost)  
  113  8:07  Zealot  
  113  8:09  Probe  
  116  8:12  Observer  
  116  8:18  Extended Thermal Lance (Chrono Boost)  
  113  8:25  Assimilator x2  
  113  8:29  Gateway  
  113  8:30  Gateway  
  113  8:34  Observer  
  113  8:35  Photon Cannon  
  113  8:37  Photon Cannon  
  113  8:38  Pylon  
  113  8:47  Colossus (Chrono Boost), Photon Cannon  
  119  9:00  Stalker x4  
  127  9:06  Pylon  
  127  9:12  Observer  
  127  9:15  Nexus  
  127  9:18  Pylon  
  127  9:22  Disruptor (Chrono Boost)  
  130  9:28  Dark Shrine  
  130  9:30  Pylon  
  130  9:32  Probe  
  130  9:33  Probe  
  132  9:43  Photon Cannon, Shield Battery  
  132  9:48  Observer (Chrono Boost), Photon Cannon  
  132  9:52  Photon Cannon  
  133  9:54  Observer  
  133  9:57  Photon Cannon, Disruptor (Chrono Boost)  
  133  9:59  Probe  
  136  10:00  Probe  
  136  10:06  Gateway  
  137  10:10  Gateway  
  137  10:13  Pylon  
  137  10:14  Protoss Ground Weapons Level 3 (Chrono Boost)  
  137  10:19  Probe  
  139  10:25  Observer (Chrono Boost), Photon Cannon  
  139  10:28  Probe  
  140  10:29  Warp Prism (Chrono Boost)  
  140  10:48  Disruptor  
  140  11:04  Dark Templar  
  140  11:06  Disruptor  
  143  11:24  Disruptor  
  145  11:31  Stalker x4  
  145  11:32  Photon Cannon, Stalker x3  
  159  11:33  Charge, Gateway  
  159  11:37  Templar Archives  
  159  11:38  Pylon  
  159  11:40  Probe x3  
  159  11:41  Probe, Disruptor  
  166  11:47  Gravitic Boosters  
  166  11:51  Templar Archives  
  166  11:52  Pylon  
  166  12:00  Observer  
  159  12:16  Stalker x8  
  159  12:17  Disruptor  
  159  12:21  Disruptor  
  149  12:40  Stalker x2  
  149  12:41  Stalker x4  
  159  12:45  Zealot x3  
  165  12:51  Probe, Assimilator  
  165  12:57  Assimilator  
  164  12:59  Disruptor  
  164  13:00  Warp Prism  
  140  13:32  Zealot x4  
  140  13:33  Zealot x5  
  143  13:35  Disruptor  
  143  13:39  Disruptor  
  144  13:46  Probe  
  145  13:49  Observer  
  145  13:52  Protoss Shields Level 1 (Chrono Boost)  
  144  14:02  Nexus  
  144  14:08  Pylon  
  144  14:09  Pylon  
  144  14:11  Observer  
  144  14:14  Warp Prism  
  144  14:15  Gravitic Drive  
  145  14:19  Dark Templar x6  
  149  14:47  Nexus  
  149  14:53  Disruptor  
  149  14:58  Dark Templar x7  
  162  15:06  Zealot x2  
  152  15:11  Dark Templar x2  
  150  15:16  Shadow Stride  
  139  15:30  Dark Templar x3  
  139  15:31  Dark Templar x2  
  139  15:35  Probe x2  
  131  15:47  Probe x2  
  133  15:57  Nexus  
  133  16:09  Pylon  
  133  16:10  Pylon  
  130  16:30  Stalker x5  
  130  16:32  Photon Cannon  
  140  16:35  Observer (Chrono Boost)  
  139  16:42  Observer (Chrono Boost)  
  139  16:43  Nexus  
  139  16:49  Observer  
  139  16:50  Zealot x2  
  144  16:59  Disruptor  
  119  17:35  Stalker x4  
  119  17:36  Zealot x5  
  120  18:00  Probe x2  
  120  18:04  Assimilator  
  122  18:06  Assimilator  
  122  18:07  Zealot x9, Assimilator  
  117  18:28  Observer  
  117  18:29  Zealot x4  
  117  18:30  Zealot x2  
  130  18:36  Probe  
  130  18:40  Probe  
  123  18:42  Stalker x2  
  124  18:50  Observer, Probe  
  124  18:52  Photon Cannon  
  124  18:54  Photon Cannon  
  125  18:56  Probe  
  125  19:02  Probe  
  127  19:03  Probe  
  126  19:12  Probe  
  126  19:14  Dark Templar  
  126  19:22  Probe x2  
  127  19:24  Probe  
  127  19:30  Zealot x6  
  138  19:32  Observer  
  138  19:34  Probe x2  
  138  19:36  Probe  
  139  19:46  Probe x2  
  139  19:48  Probe  
  139  19:49  Pylon  
  145  19:58  Probe x2  
  146  20:01  Probe  
  147  20:10  Stalker x5  
  150  20:16  Stalker x3  
  155  20:27  Photon Cannon  
  154  20:29  Photon Cannon, Shield Battery  
  152  20:36  Robotics Facility  
  152  20:41  Pylon  
  152  20:46  Observer  
  152  21:04  Cybernetics Core  
  152  21:05  Gateway  
  152  21:11  Gateway  
  152  21:13  Gateway  
  152  21:17  Gateway  
  147  21:30  Pylon  
  147  21:32  Pylon  
  147  21:34  Pylon  
  147  21:36  Pylon  
  147  21:38  Pylon  
  145  21:45  Pylon  
  127  21:48  Pylon  
  121  21:55  Pylon  
  121  21:56  Stalker x2  
  121  22:00  Stalker  
  127  22:03  Shield Battery  
  127  22:04  Pylon, Immortal (Chrono Boost)  
  131  22:09  Stalker  
  131  22:11  Stalker x2  
  125  22:36  Stalker x4  
Show
View Real Time Build Order
Export as new Build Order

DisK Protoss 

Build Orders: Blink Stalkers 

Get SALT Encoding   

  12  0:00  Probe  
  13  0:12  Probe  
  14  0:17  Pylon  
  14  0:24  Probe (Chrono Boost)  
  15  0:35  Gateway  
  15  0:37  Probe (Chrono Boost)  
  16  0:45  Probe (Chrono Boost)  
  16  0:46  Assimilator  
  17  0:51  Probe  
  17  0:55  Assimilator  
  18  1:03  Probe (Chrono Boost)  
  19  1:11  Gateway  
  19  1:13  Probe (Chrono Boost)  
  19  1:18  Probe  
  21  1:27  Cybernetics Core  
  21  1:33  Probe  
  22  1:45  Probe  
  23  1:47  Pylon  
  23  2:03  Warp Gate (Chrono Boost)  
  23  2:05  Probe, Stalker  
  26  2:09  Sentry  
  28  2:17  Probe  
  28  2:22  Pylon  
  29  2:35  Stalker  
  31  2:40  Stalker  
  31  2:41  Probe  
  34  2:51  Nexus  
  34  3:01  Probe  
  34  3:02  Shield Battery  
  35  3:13  Probe  
  35  3:15  Twilight Council  
  36  3:24  Pylon  
  36  3:26  Probe  
  37  3:38  Probe  
  38  3:45  Stalker x2  
  42  3:50  Probe  
  42  3:52  Shield Battery  
  42  3:53  Blink (Chrono Boost)  
  43  4:07  Robotics Facility  
  43  4:14  Stalker  
  45  4:24  Probe, Stalker  
  45  4:25  Probe  
  47  4:32  Pylon  
  45  4:39  Stalker  
  45  4:40  Probe x2  
  49  4:49  Stalker  
  49  4:52  Probe x2  
  53  4:56  Shield Battery  
  53  4:57  Observer  
  54  5:04  Probe x2  
  54  5:05  Pylon  
  56  5:12  Gateway  
  56  5:15  Shield Battery  
  56  5:16  Probe x2  
  56  5:18  Gateway  
  58  5:25  Stalker  
  58  5:26  Stalker  
  62  5:28  Probe  
  62  5:30  Assimilator  
  63  5:36  Observer  
  63  5:42  Probe  
  65  5:43  Probe, Shield Battery  
  65  5:47  Forge  
  66  5:58  Stalker x2  
  66  6:00  Probe  
  71  6:05  Immortal  
  71  6:06  Protoss Ground Weapons Level 1 (Chrono Boost)  
  71  6:09  Probe  
  76  6:12  Probe  
  76  6:17  Pylon  
  77  6:23  Charge  
  77  6:24  Nexus  
  77  6:35  Observer  
  77  6:36  Pylon  
  77  6:40  Observer  
  77  6:41  Gateway  
  77  6:44  Gateway  
  77  6:47  Stalker x3  
  79  6:52  Stalker  
  85  6:58  Probe  
  85  6:59  Probe  
  87  7:05  Observer  
  87  7:09  Gateway  
  87  7:11  Gateway  
  87  7:15  Pylon  
  86  7:17  Probe x2 (Chrono Boost)  
  86  7:18  Shield Battery  
  88  7:33  Sentry  
  88  7:34  Pylon  
  90  7:39  Zealot x2, Stalker x3  
  90  7:42  Pylon  
  90  7:44  Probe  
  101  7:52  Warp Prism  
  101  7:55  Protoss Ground Weapons Level 2 (Chrono Boost)  
  103  7:59  Probe x2  
  103  8:02  Assimilator  
  105  8:16  Probe x2  
  103  8:25  Robotics Bay  
  99  8:30  Probe x3, Nexus, Robotics Facility  
  102  8:34  Pylon  
  102  8:35  Pylon  
  102  8:39  Stalker x2  
  102  8:40  Stalker  
  108  8:46  Observer  
  108  8:49  Probe x3  
  108  8:50  Photon Cannon  
  111  9:05  Photon Cannon  
  111  9:06  Photon Cannon  
  111  9:08  Probe x2  
  111  9:09  Probe  
  114  9:10  Shield Battery  
  114  9:11  Disruptor (Chrono Boost), Stalker x2  
  121  9:19  Stalker x2  
  125  9:25  Zealot  
  125  9:26  Zealot x2  
  125  9:27  Zealot  
  133  9:37  Stalker x2  
  137  9:42  Disruptor  
  137  9:44  Probe x4  
  133  9:46  Disruptor  
  133  9:49  Zealot x4  
  144  9:59  Gravitic Boosters  
  147  10:01  Probe x2  
  147  10:03  Probe x2  
  151  10:10  Assimilator  
  151  10:11  Pylon  
  151  10:12  Assimilator  
  151  10:19  Stalker x4  
  159  10:24  Probe  
  159  10:25  Probe x2  
  162  10:34  Pylon  
  160  10:36  Pylon  
  160  10:43  Zealot x6  
  160  11:00  Stalker x2  
  160  11:01  Disruptor x2  
  164  11:07  Stalker x6  
  148  11:30  Zealot x2  
  148  11:31  Zealot x6  
  164  11:36  Nexus  
  164  11:39  Protoss Ground Weapons Level 3  
  164  11:40  Pylon  
  164  11:47  Pylon  
  164  11:52  Pylon  
  164  11:55  Disruptor (Chrono Boost), Dark Shrine  
  164  11:58  Disruptor (Chrono Boost)  
  149  12:12  Stalker x4  
  149  12:13  Stalker  
  145  12:43  Zealot x6  
  157  12:48  Cybernetics Core  
  157  12:49  Gateway x2  
  157  12:54  Disruptor (Chrono Boost)  
  157  12:55  Observer (Chrono Boost)  
  161  13:09  Pylon  
  161  13:10  Zealot x6  
  135  13:32  Stalker x7  
  141  13:40  Disruptor x2 (Chrono Boost)  
  141  13:47  Assimilator  
  147  13:49  Photon Cannon, Assimilator  
  147  13:51  Photon Cannon  
  147  13:52  Stalker x2  
  147  13:53  Shield Battery  
  151  14:00  Pylon  
  151  14:17  Zealot x4  
  151  14:18  Zealot  
  151  14:19  Stalker x2  
  151  14:20  Disruptor x2, Stalker x2  
  152  14:49  Stalker x6  
  152  14:50  Stalker x3  
  157  15:09  Disruptor  
  157  15:10  Disruptor  
  121  15:42  Stalker x8  
  115  15:46  Observer (Chrono Boost)  
  106  15:55  Observer (Chrono Boost)  
  103  16:05  Zealot x4  
  111  16:25  Stalker x2  
  111  16:32  Stalker  
  117  16:39  Stalker  
  119  16:45  Stalker  
  121  16:56  Photon Cannon  
  121  16:58  Zealot  
  113  17:36  Stalker x4  
  115  17:39  Zealot  
  110  18:07  Observer  
  96  18:32  Stalker x2  
  96  18:33  Stalker x3  
  101  18:51  Stalker x2  
  101  19:00  Stalker  
  103  19:13  Observer  
  103  19:29  Stalker x2  
  107  19:33  Stalker  
  107  19:35  Observer  
  110  19:44  Stalker  
  91  20:35  Dark Templar  
  88  20:46  Observer  
  88  20:52  Observer  
  87  21:05  Zealot x4  
Tags
 
Add a new tag
Caveats
  • Supply blocks, unpowered buildings, or Contaminate may cause inaccurate times.
  • Supply counts are checked every 10 seconds.